 Dungeon Crawl Stone Soup version 0.30-a0-187-gd9c2deaf24 (webtiles) character file.

Game seed: 1188373408012491261

260 jimonade the Magician (level 6, -2/40 HPs)
             Began as a Djinni Fire Elementalist on Oct 3, 2022.
             Slain by a crimson imp
             ... wielding a +0 mace
              (5 damage)
             ... on level 4 of the Dungeon.
             The game lasted 00:08:59 (2861 turns).

jimonade the Magician (Djinni Fire Elementalist)    Turns: 2861, Time: 00:09:00

Health: -2/40      AC:  6    Str:  7    XL:     6   Next: 41%
Gold:   157        EV: 12    Int: 18    God:
                   SH:  0    Dex: 14

rFire   + + .      SeeInvis .    f - +0 spear
rCold   x . .      Faith    .    (no shield)
rNeg    . . .      Spirit   .    a - +0 robe
rPois   ∞          Reflect  .    (no helmet)
rElec   .          Harm     .    y - +2 cloak
rCorr   .          Rampage  .    p - +0 pair of gloves
Will    .....                    (boots unavailable)
Stlth   ++........               (no amulet)
HPRegen 0.26/turn                (no ring)
MPRegen 0.00/turn                (no ring)

@: flying
A: sickness immunity, fire resistance 2, cold vulnerability 1, float, innate
caster, HP casting, extra vitality 1
a: no special abilities


You were on level 4 of the Dungeon.
You visited 1 branch of the dungeon, and saw 4 of its levels.

You collected 157 gold pieces.

Inventory:

Hand Weapons
 d - a +0 dagger
 f - a +0 spear (weapon)
 h - a +0 dagger
 j - a +0 short sword
Missiles
 B - 2 poisoned darts
Armour
 a - a +0 robe (worn)
 k - a +0 leather armour
 p - a +0 pair of gloves (worn)
 y - a +2 cloak (worn)
 z - a +0 kite shield
 A - a +0 ring mail
 C - +0 pearl dragon scales
Jewellery
 w - an amulet of faith
Scrolls
 g - a scroll of brand weapon {unknown}
 i - a scroll of magic mapping {unknown}
 m - 3 scrolls of poison {unknown}
 n - a scroll of summoning {unknown}
 o - a scroll of noise {unknown}
 q - 2 scrolls of identify {unknown}
 r - a scroll of enchant weapon {unknown}
 t - 7 scrolls of teleportation {unknown}
 v - a scroll of immolation {unknown}
 D - a scroll of fear {unknown}
Potions
 b - 3 potions of haste {unknown}
 c - 4 potions of invisibility {unknown}
 e - a potion of heal wounds {unknown}
 l - a potion of might {unknown}
 s - 2 potions of lignification {unknown}
 u - a potion of brilliance {unknown}
 x - 2 potions of berserk rage {unknown}
 E - a potion of flight {unknown}


   Skills:
 - Level 2.1 Dodging
 - Level 1.5 Stealth
 + Level 5.2 Spellcasting


You couldn't memorise any spells.
You knew the following spells:

 Your Spells              Type           Power      Damage    Failure   Level
a - Foxfire               Conj/Fire      92%        2x1d8     1%          1
b - Scorch                Fire           46%        2d7       2%          2
c - Kindle Blastsparks    Fire/Tloc/Air  46%        2d13      4%          3
d - Inner Flame           Hex/Fire       23%        N/A       4%          3
e - Flame Wave            Conj/Fire      23%        2d8       16%         4
f - Kiss of Death         Conj/Necr      92%        2d12      1%          1
g - Wereblood             Tmut           23%        N/A       2%          2
Your spell library was empty.

Dungeon Overview and Level Annotations

Branches:
Dungeon (4/15)
 Temple: D:4-7

Altars:
Okawaru
Trog

Annotations:
D:3 2 transporters, Darkkill's ghost, amateur HuHu


Innate Abilities, Weirdness & Mutations

You are immune to sickness and miasma.
You are immune to poison.
Your flesh is very heat resistant. (rF++)
You are vulnerable to cold. (rC-)
You float through the air rather than walking.
You learn spells naturally, not from books.
Your magical power is your life essence.
You have superior vitality. (+4 MHP)


Message History

The crimson imp is lightly wounded.
The crimson imp hits you with a +0 mace!
You are too injured to fight recklessly!
You are too injured to fight recklessly!
You are too injured to fight recklessly!
You are too injured to fight recklessly!
You are too injured to fight recklessly!
You closely miss the crimson imp.
The crimson imp hits you but does no damage.
You miss the crimson imp.
The crimson imp hits you but does no damage.
You closely miss the crimson imp.
The crimson imp hits you but does no damage.
You hit the crimson imp.
The crimson imp is lightly wounded.
The crimson imp hits you with a +0 mace.
You hit the crimson imp but do no damage.
The crimson imp hits you with a +0 mace.
The crimson imp hits you with a +0 mace!
* * * LOW HITPOINT WARNING * * *
You miss the crimson imp.
The crimson imp hits you but does no damage.
You closely miss the crimson imp.
The crimson imp hits you but does no damage.
You hit the crimson imp but do no damage.
The crimson imp barely misses you.
You miss the crimson imp.
The crimson imp hits you with a +0 mace.
* * * LOW HITPOINT WARNING * * *
You closely miss the crimson imp. The crimson imp closely misses you.
You closely miss the crimson imp.
The crimson imp hits you with a +0 mace.
* * * LOW HITPOINT WARNING * * *
You closely miss the crimson imp.
The crimson imp hits you with a +0 mace.
* * * LOW HITPOINT WARNING * * *
You miss the crimson imp. The crimson imp barely misses you.
You closely miss the crimson imp.
The crimson imp hits you with a +0 mace.
You die...

#..........##.#....
#.#.........#.#....
#..[........#.##.#.
#....#.#....#..#.##
#...##.##....#.#.#
#...#...#....#.#.#
#..##...##.#.#.#.##
#.5#..≈..#.#.......
#.@#.≈≈≈.#.##...###
##.#§≈≈≈.#.##......
#.#.≈≈≈.#.###.....
#.#..≈..#..##....#
#.##:..##.........
#..#####....[.....
#.................
#####†............
#§............


You could see a crimson imp.

Vanquished Creatures
  A kobold brigand (D:4)
  A hound (D:4)
  3 gnolls
  4 adders
  2 worms
  2 dart slugs
  3 orcs
  4 ball pythons
  8 bats
  8 endoplasms
  2 giant cockroaches
  15 goblins
  8 hobgoblins
  3 jackals (D:1)
  7 kobolds
  3 frilled lizards (D:1)
  4 rats
78 creatures vanquished.

Vanquished Creatures (others)
  202 foxfires
202 creatures vanquished.

Grand Total: 280 creatures vanquished

Notes
Turn   | Place    | Note
-------+----------+-------------------------------------------
     0 | D:1      | jimonade the Djinni Fire Elementalist began the quest for
                  | the Orb.
     0 | D:1      | jimonade set off with the following spells memorised:
                  | Foxfire, Scorch, Kindle Blastsparks, Inner Flame, Flame
                  | Wave.
     0 | D:1      | Reached XP level 1. HP: 15/15 MP: 0/0
   125 | D:1      | Reached XP level 2. HP: 20/21 MP: 0/0
   278 | D:1      | Reached skill level 3 in Spellcasting
   338 | D:1      | Reached XP level 3. HP: 22/25 MP: 0/0
   338 | D:1      | Learned a level 1 spell: Kiss of Death
  1109 | D:2      | Reached XP level 4. HP: 30/31 MP: 0/0
  1217 | D:2      | Found a faded altar of an unknown god.
  1690 | D:3      | Reached skill level 4 in Spellcasting
  1747 | D:3      | Found a transporter.
  1749 | D:3      | Noticed Darkkill's ghost (amateur HuHu)
  1750 | D:3      | Found a transporter.
  1971 | D:3      | Reached XP level 5. HP: 34/35 MP: 0/0
  1971 | D:3      | Learned a level 2 spell: Wereblood
  1985 | D:3      | Found an iron altar of Okawaru.
  1985 | D:3      | Found a bloodstained altar of Trog.
  2398 | D:4      | Noticed a kobold brigand
  2402 | D:4      | Killed a kobold brigand
  2410 | D:4      | Reached XP level 6. HP: 27/40 MP: 0/0
  2599 | D:4      | Reached skill level 5 in Spellcasting
  2861 | D:4      | Slain by a crimson imp

Illustrated notes

Levels and vault maps discovered:
D:1:      spicycebolla_green_bress_n_ham, layout_basic, minmay_small_reverse_x
D:2:      layout_loops_ring, shapermc_ecumenical_altar_mp_ritualfount,
          nicolae_titane
D:3:      layout_loops_cross, grunt_temple_overflow_bloody_war,
          gammafunk_ghost_mausoleum
D:4:      layout_rooms, minmay_fire_ice_demons

Skill      XL: |  1  2  3  4  5  6 |
---------------+-------------------+-----
Spellcasting   | 3 4 5 |  5.2
Dodging        | |  2.1
Stealth        | |  1.5

Action                   |  1- 3 |  4- 6 || total
-------------------------+-------+-------++-------
Melee: Spear             |       |    27 ||    27
 Cast: Foxfire           |    58 |    69 ||   127
       Scorch            |     5 |    29 ||    34
       Kindle Blastspark |       |     3 ||     3
Armor: Robe              |     9 |    11 ||    20
Dodge: Dodged            |     6 |     8 ||    14

Table legend: (Time is in decaauts)
 A = Elapsed time spent in this place.
 B = Non-inter-level travel time spent in this place.
 C = Inter-level travel time spent in this place.
 D = Time resting spent in this place.
 E = Time spent auto-exploring this place.
 F = Levels seen in this place.
 G = Mean time per level.
                   A        B        C        D        E       F      G
               +--------+--------+--------+--------+--------+-----+--------+
         Total |   2863 |   2705 |    158 |     94 |   1987 |   4 |  715.8 |
       Dungeon |   2863 |   2705 |    158 |     94 |   1987 |   4 |  715.8 |
               +--------+--------+--------+--------+--------+-----+--------+

Top non-repeatable levels by time:
     D:1: 902 daAuts
     D:3: 814 daAuts
     D:2: 707 daAuts
     D:4: 438 daAuts
